 Dungeon Crawl Stone Soup version 0.26-a0-388-gf3277c4969 (webtiles) character file.

Game seed: 18262350813876918135

394 KristoblXynda the Chopper (level 6, -8/51 HPs)
             Began as a Minotaur Fighter on July 21, 2020.
             Mangled by an ogre
             ... wielding a +0 giant club
              (20 damage)
             ... on level 4 of the Dungeon.
             The game lasted 00:04:00 (3571 turns).

KristoblXynda the Chopper (Minotaur Fighter)        Turns: 3571, Time: 00:04:00

Health: -8/51      AC:  7    Str: 21    XL:     6   Next: 52%
Magic:  5/5        EV:  7    Int:  5    God:
Gold:   168        SH: 10    Dex: 11    Spells: 5/5 levels left

rFire    . . .     SeeInvis .   a - +0 war axe
rCold    + . .     Faith    .   c - +0 kite shield
rNeg     . . .     Spirit   .   b - +0 scale mail
rPois    +         Reflect  .   (helmet restricted)
rElec    .         Harm     .   (no cloak)
rCorr    .                      (no gloves)
MR       .....                  (no boots)
Stlth    ..........             (no amulet)
HPRegen  0.17/turn              w - ring of poison resistance
MPRegen  0.09/turn              o - ring of protection from cold

@: no status effects
A: retaliatory headbutt, horns 2
a: no special abilities


You were on level 4 of the Dungeon.
You visited 1 branch of the dungeon, and saw 4 of its levels.

You collected 168 gold pieces.

Inventory:

Hand Weapons
 a - a +0 war axe (weapon)
Armour
 b - a +0 scale mail (worn)
 c - a +0 kite shield (worn)
Jewellery
 e - an uncursed ring of fire
 o - a ring of protection from cold (right hand)
 w - a ring of poison resistance (left hand)
 y - an uncursed ring of wizardry
Scrolls
 f - 3 scrolls of remove curse
 g - 4 scrolls of teleportation
 i - 2 scrolls of fear {unknown}
 j - a scroll of identify {unknown}
 k - 2 scrolls of enchant armour {unknown}
 l - a scroll of noise {unknown}
 n - 2 scrolls of enchant weapon {unknown}
 q - a scroll of magic mapping {unknown}
 u - a scroll of fog {unknown}
 x - a scroll of blinking {unknown}
Potions
 d - a potion of might
 h - a potion of curing
 m - 2 potions of lignification
 p - a potion of resistance {unknown}
 r - a potion of magic
 s - a potion of flight {unknown}
 t - a potion of haste {unknown}
 v - a potion of heal wounds {unknown}


   Skills:
 - Level 3.6 Fighting
 * Level 6.2 Axes
 + Level 5.4 Armour
 + Level 5.4 Shields


You had 5 spell levels left.
You didn't know any spells.
Your spell library was empty.

Dungeon Overview and Level Annotations

Branches:
Dungeon (4/15)
 Temple: D:4-7

Altars:
Yredelemnul
Zin


Innate Abilities, Weirdness & Mutations

You reflexively headbutt those who attack you in melee.
You have a pair of horns on your head.


Message History

The ogre is lightly wounded.
The ogre hits you with a +0 giant club!
You slash the ogre!
The ogre is heavily wounded.
You block the ogre's attack.
You hit the ogre.
The ogre is lightly wounded.
You barely miss the ogre.
The ogre hits you with a +0 giant club!!
* * * LOW HITPOINT WARNING * * *
The ogre barely misses you.
You see here a leopard gecko corpse.
You hit the ogre.
The ogre is moderately wounded.
You block the ogre's attack.
You see here a leopard gecko corpse.
You closely miss the ogre. You headbutt the ogre.
The ogre is moderately wounded.
The ogre hits you with a +0 giant club!!
You die...

##...#.##....≈####+####≈ ......
#......##....≈≈§§§.≈≈≈≈ ......
##.#.##..........§....# ......
#.................§...####.....
##.####.....................#
#...............)..........##
#.####.......))O.......[....#
#.# #.......)O##...........#
### #........@##...........#
#.........##..........##
##.........##..........#
#........................
#.........................
#...................(......
#..........................
#...######.....## #...# .....#


You could see 2 ogres.

Vanquished Creatures
  A centaur (D:2)
  A bullfrog skeleton (D:4)
  2 orc priests (D:4)
  3 orc wizards (D:4)
  An iguana (D:4)
  4 adders
  An ooze (D:3)
  2 dart slugs
  3 leopard geckos
  6 orcs
  8 bats
  6 giant cockroaches
  9 goblins
  6 hobgoblins
  5 jackals
  A ball python (D:3)
  7 frilled lizards
  5 kobolds
  5 rats
76 creatures vanquished.

Notes
Turn   | Place    | Note
-------+----------+-------------------------------------------
     0 | D:1      | KristoblXynda the Minotaur Fighter began the quest for the
                  | Orb.
     0 | D:1      | Reached XP level 1. HP: 19/19 MP: 0/0
   157 | D:1      | Reached XP level 2. HP: 26/26 MP: 1/1
   161 | D:1      | Reached skill level 3 in Axes
   648 | D:1      | Reached XP level 3. HP: 31/31 MP: 2/2
  1014 | D:2      | Noticed a centaur
  1021 | D:2      | Killed a centaur
  1021 | D:2      | Reached skill level 4 in Axes
  1021 | D:2      | Reached XP level 4. HP: 19/39 MP: 3/3
  1340 | D:2      | Reached XP level 5. HP: 45/45 MP: 4/4
  1744 | D:3      | Found a glowing silver altar of Zin.
  2043 | D:3      | Reached skill level 5 in Axes
  2755 | D:4      | Reached skill level 5 in Shields
  2767 | D:4      | Found a basalt altar of Yredelemnul.
  2809 | D:4      | Reached skill level 5 in Armour
  2812 | D:4      | Reached XP level 6. HP: 20/51 MP: 5/5
  3414 | D:4      | Reached skill level 6 in Axes
  3571 | D:4      | Mangled by an ogre

Illustrated notes

Levels and vault maps discovered:
D:1:      zelgadis_glass_arrival_small, layout_loops_cross, serial_bayou_pond_d
D:2:      layout_loops_ring, corner_web_ring, st_stairs_6
D:3:      layout_basic, lemuel_crystal_altar, kennysheep_cross_bottleneck
D:4:      layout_basic, lightli_temple_of_fire, kennysheep_mini_moat,
          yredelemnul_altar_generic

Skill      XL: |  1  2  3  4  5  6 |
---------------+-------------------+-----
Axes           | 3 4 5 6 |  6.2
Armour         | 4 5 |  5.4
Shields        | 4 5 |  5.4
Fighting       | |  3.6

Action                   |  1- 3 |  4- 6 || total
-------------------------+-------+-------++-------
Melee: War axe           |    75 |   116 ||   191
       Headbutt          |    10 |    15 ||    25
  Use: Potion            |       |     3 ||     3
       Scroll            |       |     2 ||     2
Armor: Scale mail        |    47 |    45 ||    92
       Skin              |       |     9 ||     9
Dodge: Dodged            |    22 |    35 ||    57
Block: Kite shield       |    49 |    66 ||   115

Table legend: (Time is in decaauts)
 A = Elapsed time spent in this place.
 B = Non-inter-level travel time spent in this place.
 C = Inter-level travel time spent in this place.
 D = Time resting spent in this place.
 E = Time spent auto-exploring this place.
 F = Levels seen in this place.
 G = Mean time per level.
                   A        B        C        D        E       F      G
               +--------+--------+--------+--------+--------+-----+--------+
         Total |   3633 |   3512 |    121 |    328 |   2504 |   4 |  908.2 |
       Dungeon |   3633 |   3512 |    121 |    328 |   2504 |   4 |  908.2 |
               +--------+--------+--------+--------+--------+-----+--------+
Top levels by time: D:3: 1071 daAuts D:2: 943 daAuts D:4: 844 daAuts D:1: 773 daAuts
